Unix NetHack Version 5.0.0-0 post-release - last build Jul 19 2026 19:10:59 (3aa4ab31751d3886436d94b585a96704892fd477,branch:main).

Game began 2026-07-25 17:37:40, ended 2026-07-25 18:15:11.

Jinnora, neutral female human Tourist

                                      ---------
                                      |...<...|     ---------------
                                      |........#####...............#
                                      |.......|     |.............|#   -----
                                      --f------     |..:..........|#   |...|
                                        @##         ---------------#   |...|
                                          #                        #   |...|
                                                                   #   --.--
                                                                   #    ##
                                                                   #    #
                                                                   # ####
                                                                   #)#
                                                                 ####
                                                                 #--.--------
                                                                 #|.........|
                                                                 #|.........|
                                                                 #-.........|
                                                                  -----------

Jinnora the Excursionist    St:18/06 Dx:13 Co:18 In:14 Wi:8 Ch:18  Neutral
Dlvl:8  $:631 HP:0(59) Pw:18(18) AC:1  Xp:6/468 T:6370  Burdened

Latest messages:
 This door is locked.
 Unlock it with your key? [ynq] (q) y
 You succeed in unlocking the door.
 In what direction? 2
 As you kick the door, it crashes open!
 You hit the gnome lady!
 The gnome lady swings her thonged club.
 The gnome lady hits!
 The gnome lady swings her thonged club.
 The gnome lady hits!
 You kill the gnome lady!
 The lizard bites!
 You learn more about your items by comparing them.
 You have a little trouble lifting d - an uncursed tripe ration (2 in total).
 The lizard just misses!
 You hit the lizard!
 You kill the lizard!
 You see here a lizard corpse.
 The plains centaur hits!
 The plains centaur kicks!
 The plains centaur hits!
 The plains centaur just misses!
 You have a little trouble lifting w - a lizard corpse (3 in total).
 The plains centaur hits!
 The plains centaur misses!
 The kitten bites the plains centaur.
 The plains centaur hits the kitten.
 The plains centaur knocks your kitten backward with a powerful blow!
 You hit the plains centaur!
 The plains centaur misses!
 The plains centaur kicks!
 The plains centaur misses!
 The plains centaur kicks!
 The plains centaur misses!
 The plains centaur misses!
 The kitten picks up a thonged club.
 The kitten misses the plains centaur.
 The plains centaur hits!
 The plains centaur misses!
 What do you want to zap? [nEN or ?*] n
 In what direction? 6
 The plains centaur vanishes!
 It hits!
 It kicks!
 You die...
 Do you want your possessions identified? [ynq] (y) y
 Do you want to see your attributes? [ynq] (y) n
 Do you want an account of creatures vanquished? [ynaq] (y) n
 Do you want to see your conduct and achievements? [ynq] (y) n
 Do you want to see the dungeon overview? [ynq] (y) y

Inventory:
 Coins    ('$')
  $ - 631 gold pieces
 Weapons  (')')
  a - 21 uncursed +2 darts
  q - 29 uncursed +0 darts
  X - a cursed poisoned +0 dart
  r - 10 uncursed +0 shuriken
  C - an uncursed +1 dagger
  W - 10 uncursed +0 daggers (at the ready)
  M - 5 cursed -1 daggers
  y - 2 uncursed +0 elven daggers
  t - an uncursed +4 long sword (weapon in right hand)
 Armor    ('[')
  Y - an uncursed +0 dwarvish iron helm (being worn)
  e - an uncursed +0 pair of gauntlets of dexterity (being worn)
  g - an uncursed +0 pair of iron shoes (being worn)
  I - an uncursed +1 dwarvish cloak (being worn)
  i - a blessed +0 Hawaiian shirt with a sea turtle motif (being worn)
  o - an uncursed +0 ring mail (being worn)
 Comestibles  ('%')
  x - an uncursed slime mold
  F - an uncursed candy bar labeled "Choco Nummer"
  p - an uncursed carrot
  c - an uncursed fortune cookie
  A - an uncursed lembas wafer
  d - 2 uncursed tripe rations
  f - an uncursed egg
  w - 3 uncursed lizard corpses
 Scrolls  ('?')
  z - 2 uncursed scrolls of identify
  h - 4 uncursed scrolls of magic mapping
  H - an uncursed scroll of scare monster
 Spellbooks  ('+')
  Q - an uncursed spellbook of detect treasure
 Potions  ('!')
  v - a blessed potion of booze
  B - an uncursed potion of gain ability
  l - a blessed potion of gain level
  G - an uncursed potion of healing
  K - 2 uncursed potions of object detection
  m - a cursed potion of oil
  D - an uncursed potion of sickness
 Wands    ('/')
  n - an uncursed wand of make invisible (0:4)
  N - an uncursed wand of polymorph (0:7)
  E - an uncursed wand of undead turning (0:4)
 Tools    ('(')
  k - an uncursed credit card
  j - an uncursed expensive camera (0:92)
  b - an uncursed +0 pick-axe
  L - an uncursed skeleton key
  s - an uncursed partly used tallow candle
  J - 6 uncursed tallow candles
  O - a cursed tallow candle
  Z - an uncursed tin whistle
 Gems/Stones  ('*')
  U - an uncursed diamond
  T - 3 uncursed worthless pieces of black glass
  S - an uncursed worthless piece of blue glass
  u - 3 uncursed worthless pieces of violet glass
  R - an uncursed worthless piece of yellow glass

Jinnora the Tourist's attributes:

Background:
 You were an Excursionist, a level 6 female human Tourist.
 You were neutral, on a mission for The Lady
 who was opposed by Blind Io (lawful) and Offler (chaotic).
 You were right-handed.
 You were in the Dungeons of Doom, on level 8.
 You entered the dungeon 6370 turns ago.
 You had 468 experience points, 172 more were needed to attain level 7.

Basics:
 You had 0 out of 59 hit points.
 You had all 18 energy points (spell power).
 Your armor class was 1.
 Your wallet contained 631 zorkmids.
 Autopickup was off.

Final Characteristics:
 Your strength was 18/06 (limit:18/100).
 Your dexterity was 13 (peak:14, limit:18).
 Your constitution was 18 (limit:18).
 Your intelligence was 14 (limit:18).
 Your wisdom was 8 (limit:18).
 Your charisma was 18 (limit:18).

Final Status:
 You weren't hungry.
 You were burdened; movement was slightly slowed.
 You were wielding a long sword.
 You had basic skill with long sword.

Final Attributes:
 You were piously aligned.
 Your items were somewhat protected from fire.
 Your items were somewhat protected from cold.
 You were warded.
 You are dead.

Miscellaneous:
 You didn't encounter any bones levels.
 Total elapsed playing time was 37 minutes and 31 seconds.

Major events:
 Turn
    1: Jinnora the neutral female human Tourist entered the dungeon
 1598: entered the Gnomish Mines
 2699: attained the rank of Sightseer (level 3)
 3851: reached Mine Town
 5348: entered Sokoban
 5672: attained the rank of Excursionist (level 6)
 6370: killed by an invisible plains centaur

You didn't know any spells.

Skills:
 Fighting Skills
   bare handed combat [Unskilled]
   two weapon combat  [Unskilled]
   riding             [Unskilled]
 Weapon Skills
   dagger             [Unskilled]
   knife              [Unskilled]
   axe                [Unskilled]
   pick-axe           [Unskilled]
   short sword        [Unskilled]
   broadsword         [Unskilled]
   long sword         [Basic]
   two-handed sword   [Unskilled]
   saber              [Unskilled]
   mace               [Unskilled]
   morning star       [Unskilled]
   flail              [Unskilled]
   hammer             [Unskilled]
   quarterstaff       [Unskilled]
   polearms           [Unskilled]
   spear              [Unskilled]
   trident            [Unskilled]
   lance              [Unskilled]
   bow                [Unskilled]
   sling              [Unskilled]
   crossbow           [Unskilled]
   dart               [Basic]
   shuriken           [Unskilled]
   boomerang          [Unskilled]
   whip               [Unskilled]
   unicorn horn       [Unskilled]
 Spellcasting Skills
   divination spells  [Unskilled]
   enchantment spells [Unskilled]
   escape spells      [Unskilled]

Voluntary challenges:
 Character rerolling was not enabled.
 You never genocided any monsters.
 You never polymorphed an object.
 You never changed form.
 You used no wishes.
 You did not violate any of the special Sokoban rules.
Achievements:
 You entered a shop.
 You entered the Gnomish Mines.
 You attained the rank of Sightseer.
 You entered Minetown.
 You entered Sokoban.
 You attained the rank of Excursionist.

 The Dungeons of Doom: levels 1 to 8
    Level 1:
       A fountain.
    Level 2:
       A fountain, a sink.
    Level 3:
       A vegetarian food shop, a fountain.
       Stairs down to The Gnomish Mines.
    Level 4:
       An armor shop.
    Level 5:
       Many fountains.
       Oracle of Delphi.
    Level 6:
       Many fountains.
       Stairs up to Sokoban, level 5.
    Level 7:
       A general store, a fountain.
    Level 8: <- You were here.
       Final resting place for
          you, killed by an invisible plains centaur.
 The Gnomish Mines: levels 4 to 7
    Level 4:
    Level 5:
    Level 6:
       An altar, some fountains.
    Level 7:
 Sokoban:
    Level 5:
       Unsolved.


Vanquished creatures:
  3 lizards
  a mountain nymph
  2 rock piercers
  a rock mole
  2 shriekers
  a violet fungus
  3 gnome leaders
  a gray ooze
  a giant ant
  a little dog
  a floating eye
  5 dwarves
  a homunculus
  5 hill orcs
  2 rothes
  a rabid rat
  3 giant bats
  a monkey
 an orc zombie
  3 wererats
  a werejackal
  4 iguanas
  2 acid blobs
  a coyote
  a gas spore
  4 hobbits
  2 orcs
 12 giant rats
  a brown mold
  a green mold
  2 red molds
 17 gnomes
  2 garter snakes
  4 geckos
  8 jackals
  3 kobolds
  5 goblins
  4 sewer rats
 16 grid bugs
  5 lichens
  3 kobold zombies
  9 newts
146 creatures vanquished.

No species were genocided or became extinct.

Game over:
                       ----------
                      /          \
                     /    REST    \
                    /      IN      \
                   /     PEACE      \
                  /                  \
                  |     Jinnora      |
                  |      631 Au      |
                  |   killed by an   |
                  | invisible plains |
                  |     centaur      |
                  |                  |
                  |       2026       |
                 *|     *  *  *      | *
        _________)/\\_//(\/(/\)/\//\/|_)_______

Aloha Jinnora the Tourist...

You died in The Dungeons of Doom on dungeon level 8 with 2377 points,
and 631 pieces of gold, after 6370 moves.
You were level 6 with a maximum of 59 hit points when you died.

